 Dungeon Crawl Stone Soup version 0.23-b1-3-gdda8187c6f (webtiles) character file.

Game seed: 8904662399567081800

644 Ihlosi the Cudgeler (level 7, -8/44 HPs)
             Began as a Kobold Fighter on Jan 31, 2019.
             Mangled by Pikel
             ... wielding a +0 whip of electrocution
              (10 damage)
             ... on level 5 of the Dungeon.
             The game lasted 00:08:50 (3554 turns).

Ihlosi the Cudgeler (Kobold Fighter)                Turns: 3554, Time: 00:08:51

Health: -8/44      AC: 10    Str: 21    XL:     7   Next: 81%
Magic:  8/8        EV: 16    Int:  9    God:
Gold:   211        SH: 10    Dex: 20    Spells: 6/6 levels left

rFire    . . .     SeeInvis .   a - +1 flail
rCold    . . .     Gourm    .   c - +0 shield
rNeg     . . .     Faith    .   b - +0 scale mail
rPois    .         Spirit   .   (no helmet)
rElec    .         Reflect  .   (no cloak)
rCorr    .         Harm     .   h - +1 pair of gloves
MR       .....                  s - +0 pair of boots
Stlth    +.........             j - amulet of rage
HPRegen  0.14/turn              m - +2 ring of strength
MPRegen  0.11/turn              u - +4 ring of strength

@: agile, berserk cooldown, slowed, very slow
A: small, carnivore
a: Evoke Berserk Rage


You were on level 5 of the Dungeon.
You were very full.

You visited 1 branch of the dungeon, and saw 5 of its levels.

You collected 211 gold pieces.

Inventory:

Hand Weapons
 a - a +1 flail (weapon)
Missiles
 r - 26 bolts
Armour
 b - a +0 scale mail (worn)
 c - a +0 shield (worn)
 h - a +1 pair of gloves (worn)
 s - a +0 pair of boots (worn)
Magical Staves
 t - a cursed staff of cold {unknown}
Jewellery
 j - an amulet of rage (around neck)
 m - a +2 ring of strength (left hand)
 u - a +4 ring of strength (right hand)
Scrolls
 g - a scroll of immolation {unknown}
 i - 4 scrolls of remove curse
 l - 3 scrolls of blinking
Potions
 d - a potion of might
 k - a potion of berserk rage {unknown}
 n - a potion of brilliance {unknown}
 o - a potion of lignification {unknown}
 p - a potion of agility
 q - 2 potions of flight
Comestibles
 f - 9 rations
 v - 3 chunks of flesh


   Skills:
 * Level 4.5 Fighting
 * Level 4.6 Maces & Flails
 * Level 3.6 Armour
 * Level 2.8 Dodging
 * Level 3.4 Shields
 * Level 2.0 Evocations


You had 6 spell levels left.
You didn't know any spells.
Your spell library contained the following spells:

 Spells                   Type           Power        Failure   Level  Hunger
 Animate Skeleton         Necr           N/A          99%         1    ##.....
 Apportation              Tloc           #.....       99%         1    ##.....
 Confusing Touch          Hex            #.....       99%         1    ##.....
 Summon Small Mammal      Summ           #...         99%         1    ##.....


Dungeon Overview and Level Annotations

Branches:
Dungeon (5/15)
 Temple: D:4-7

Altars:
Dithmenos
Fedhas
Gozag
Trog
Wu Jian

Annotations:
D:5 Pikel, Sigmund


Innate Abilities, Weirdness & Mutations

You are small and have problems with some larger weapons.
You are carnivorous and can eat meat at any time.


Message History

Unknown command.
You hit Pikel but do no damage.
Pikel is almost dead.
Pikel says, "Who am I kidding?
They'll work you to death!"
Pikel hits you with a +0 whip of electrocution.
* * * LOW HITPOINT WARNING * * *
The slave hits you but does no damage. Pikel barely misses you.
The slave hits you but does no damage.
You feel better. Pikel barely misses you. The slave closely misses you.
Pikel barely misses you.
You feel agile all of a sudden. The slave hits you but does no damage.
Pikel hits you but does no damage. The slave barely misses you.
You miss Pikel.
Pikel is almost dead.
Pikel waves his whip at you.
Pikel hits you with a +0 whip of electrocution.
* * * LOW HITPOINT WARNING * * *
You are electrocuted!
You die...

...................##
..................#... #.
##.....[..........# ..
.####.................... .
....................#.....
#....##.............##....
#....#####..........# ....
#.......###..........# .... #
###..........p@........##...
###...(..!...###K#....#..#...
.......)....## pp#....#.....
...##..........{p..##...#..
.l÷###S...............#...
.<.# .....c....###.. #...#
....##.##.....# . #..<#
....##.. ..... ........#
#....... ..... ........#


You could see Pikel and 4 slaves.

Vanquished Creatures
  2 ogres (D:4)
  A centaur (D:5)
  2 scorpions (D:4)
  A howler monkey (D:4)
  A bullfrog zombie (D:4)
  A hound (D:4)
  3 worker ants
  3 gnolls
  3 adders
  3 worms
  2 dart slugs
  5 orcs
  3 ball pythons
  3 giant cockroaches
  4 goblins
  9 hobgoblins
  2 jackals (D:2)
  3 quokkas
  3 bats
  A frilled lizard (D:1)
  8 kobolds
  A quokka skeleton (D:4)
  2 rats (D:2)
66 creatures vanquished.

Notes
Turn   | Place    | Note
-------+----------+-------------------------------------------
     0 | D:1      | Ihlosi the Kobold Fighter began the quest for the Orb.
     0 | D:1      | Reached XP level 1. HP: 14/14 MP: 1/1
   339 | D:1      | Reached XP level 2. HP: 19/19 MP: 2/2
   620 | D:2      | Reached XP level 3. HP: 19/23 MP: 3/3
   671 | D:2      | Found an opulent altar of Gozag.
  1161 | D:2      | Reached XP level 4. HP: 29/29 MP: 4/4
  1317 | D:2      | Reached skill level 1 in Dodging
  1588 | D:3      | Found a shadowy altar of Dithmenos.
  1716 | D:3      | Found an ornate altar of the Wu Jian Council.
  1753 | D:3      | Reached XP level 5. HP: 25/33 MP: 5/5
  1880 | D:3      | Found a bloodstained altar of Trog.
  1955 | D:3      | Found a blossoming altar of Fedhas.
  2264 | D:4      | Noticed an ogre
  2282 | D:4      | Killed an ogre
  2282 | D:4      | Reached skill level 1 in Evocations
  2282 | D:4      | Reached XP level 6. HP: 22/38 MP: 6/6
  2522 | D:4      | Reached XP level 7. HP: 26/43 MP: 6/8
  3255 | D:5      | Entered Level 5 of the Dungeon
  3410 | D:5      | Noticed Sigmund
  3410 | D:5      | Noticed Pikel
  3551 | D:5      | HP: 2/44 [Pikel/+0 whip of electrocution (4)]
  3554 | D:5      | Mangled by Pikel

Skill      XL: |  1  2  3  4  5  6  7 |
---------------+----------------------+-----
Maces & Flails | 2 3 4 |  4.6
Dodging        | 1 2 |  2.8
Armour         | 3 |  3.6
Shields        | 3 |  3.4
Fighting       | 4 |  4.5
Evocations     | 1 2 |  2.0

Action                   |  1- 3 |  4- 6 |  7- 9 || total
-------------------------+-------+-------+-------++-------
Melee: Flail             |    94 |   105 |    50 ||   249
 Abil: Evoke Berserk Rag |       |     3 |     2 ||     5
  Use: Potion            |     1 |       |     4 ||     5
       Scroll            |       |     9 |       ||     9
  Eat: Chunk             |     4 |    11 |     6 ||    21
Armor: Scale mail        |    35 |    32 |    24 ||    91
Dodge: Dodged            |    38 |    54 |    20 ||   112
Block: Shield            |    48 |    51 |    28 ||   127
